 Dungeon Crawl Stone Soup version 0.31-a0-1611-g890cdf5 (webtiles) character file.

Game seed: 1320967723594288234

199368 sdynet the Impaler (level 17, -1/172 HPs)
             Began as a Demonspawn Chaos Knight on Jan 4, 2024.
             Was a Plaything of Xom.
             Slain by a wolf spider (25 damage)
             ... on level 2 of the Spider Nest on Jan 8, 2024.
             The game lasted 02:19:59 (29526 turns).

sdynet the Impaler (Demonspawn Chaos Knight)       Turns: 29526, Time: 02:20:00

Health: -1/172     AC: 17    Str: 24    XL:     17   Next: 84%
Magic:  28/28      EV: 16    Int: 12    God:    Xom [.*....]
Gold:   2108       SH:  0    Dex: 30    Spells: 21/28 levels left

rFire   + + .        a - +2 bardiche (drain)
rCold   + . .        (shield currently unavailable)
rNeg    . . .        h - +0 swamp dragon scales
rPois   +            (helmet unavailable)
rElec   .            k - scarf {rC+ rF+}
rCorr   .            M - +1 pair of gloves
SInv    +            v - +2 pair of boots {Fly}
Will    +++..        Q - amulet "Zeytz" {Faith Rampage Dex+2 SInv}
Stlth   ++++         B - +6 ring of dexterity
HPRegen 0.48/turn    x - +6 ring of strength
MPRegen 0.21/turn

%: clarity, rampage, faith
@: marked, flying, studying Stealth
A: antennae 3, repulsion field 1, foul stench 3, spiny 2, see invisible, agile
2, clarity, fire resistance 1, high MP 1, strong-willed 2, mutation resistance
1, robust 2, strong 1, inability to read after injury 1, MP-powered wands,
sturdy frame 2
}: 1/15 runes: decaying
a: Renounce Religion


You were on level 2 of the Spider Nest.
You worshipped Xom.
You were a plaything of Xom.
You visited 6 branches of the dungeon, and saw 29 of its levels.
You visited the Abyss 1 time.
You also visited: Bailey, Ice Cave and Volcano.

You collected 4084 gold pieces.
You spent 1976 gold pieces at shops.

Inventory:

Hand Weapons
 a - a +2 bardiche of draining (weapon)
 b - a +5 glaive of flaming
Missiles
 f - 5 throwing nets (quivered)
 r - 8 atropa-tipped darts
 u - 4 darts of dispersal
 Y - 15 curare-tipped darts
Armour
 e - a +8 chain mail of ponderousness
 h - +0 swamp dragon scales (worn)
 k - a scarf of resistance (worn)
 q - a +4 scale mail of fire resistance
 v - a +2 pair of boots of flying (worn)
 w - a +0 hat
 C - the +4 chain mail of Gogram {rC+ SInv}
   (You found it on level 12 of the Dungeon)

   rC+:       It protects you from cold.
   SInv:      It lets you see invisible.
 K - a +1 cloak of preservation
 M - a +1 pair of gloves (worn)
Jewellery
 s - the ring "Demikes" {Fire +Blink rN+ Dex+2 Stlth-}
   (You found it on level 3 of the Lair of Beasts)

   [ring of fire]

   Fire:      It enhances your fire magic.
   Dex+2:     It affects your dexterity (+2).
   rF+:       It protects you from fire.
   rC-:       It makes you vulnerable to cold.
   rN+:       It protects you from negative energy.
   +Blink:    It lets you blink.
   Stlth-:    It makes you less stealthy.
 x - a +6 ring of strength (right hand)
 B - a +6 ring of dexterity (left hand)
 I - the amulet "Unechoul" {rC+ Regen+ Slay+2}
   (You acquired it in a bailey)

   [amulet of regeneration]

   Slay+2:    It affects your accuracy & damage with ranged weapons and melee
   (+2).
   rC+:       It protects you from cold.
   Regen+:    It increases your rate of health regeneration.
 Q - the amulet "Zeytz" (around neck) {Faith Rampage Dex+2 SInv}
   (Xom gifted it to you on level 1 of the Spider Nest)

   [amulet of faith]

   Faith:     It allows you to gain divine favour quickly.
   Dex+2:     It affects your dexterity (+2).
   SInv:      It lets you see invisible.
   Rampage:   It bestows one free step when moving towards enemies.
Wands
 d - a wand of polymorph (16)
 g - a wand of digging (7)
 F - a wand of flame (60)
 H - a wand of charming (4)
 L - a wand of quicksilver (10)
 U - a wand of iceblast (12)
Scrolls
 i - 3 scrolls of fog {!r}
 j - 6 scrolls of vulnerability
 l - 6 scrolls of revelation {!r}
 o - a scroll of blinking
 p - a scroll of silence {!r}
 z - 12 scrolls of teleportation {!r}
 J - 15 scrolls of identify
 P - a scroll of brand weapon
Potions
 c - a potion of heal wounds {!q}
 m - 2 potions of attraction
 n - a potion of lignification {!q}
 A - 6 potions of enlightenment {!q!q}
 E - 2 potions of brilliance {!q}
 N - a potion of ambrosia {!q}
 O - 7 potions of curing {!q}
 S - a potion of cancellation {!q}
 T - 3 potions of mutation
 V - 2 potions of haste {!q}
 X - a potion of might {!q}
Miscellaneous
 t - a lightning rod (inert)
 y - a condenser vane (inert)
 D - a phantom mirror
 W - a phial of floods


   Skills:
 + Level 16.1 Fighting
 + Level 20.0 Polearms
 - Level 1.0 Throwing
 + Level 13.5 Armour
 - Level 3.0 Dodging
 - Level 7.5 Stealth
 - Level 6.0 Spellcasting
 - Level 6.0 Translocations
 - Level 6.0 Earth Magic
 - Level 1.0 Evocations


You had 21 spell levels left.
You knew the following spells:

 Your Spells              Type           Power      Damage    Failure   Level
a - Lesser Beckoning      Tloc           36%        N/A       2%          2
q - Blink                 Tloc           36%        N/A       2%          2
P - Passwall              Erth           18%        N/A       4%          3

Your spell library contained the following spells:

 Spells                   Type           Power      Damage    Failure   Level
 Apportation              Tloc           36%        N/A       1%          1
 Sandblast                Erth           36%        2d10      1%          1
 Momentum Strike          Conj/Tloc      20%        3d8       9%          2
 Stone Arrow              Conj/Erth      20%        3d8       16%         3
 Manifold Assault         Tloc           18%        N/A       16%         4
 Necrotise                Necr           12%        1d4       19%         1
 Shock                    Conj/Air       12%        1d3       19%         1
 Summon Small Mammal      Summ           12%        N/A       19%         1
 Jinxbite                 Hex            6%         N/A       28%         2
 Mercury Vapours          Alch/Air       6%         N/A       28%         2
 Lee's Rapid Deconstruct  Erth           9%         3d7*      41%         5
 Animate Armour           Summ/Erth      20%        N/A       47%         4
 Brom's Barrelling Bould  Conj/Erth      10%        2d3       47%         4
 Leda's Liquefaction      Alch/Erth      5%         N/A       47%         4
 Vhi's Electric Charge    Tloc/Air       20%        N/A       47%         4
 Call Canine Familiar     Summ           3%         N/A       50%         3
 Frozen Ramparts          Ice            6%         1d1       50%         3
 Fugue of the Fallen      Necr           3%         N/A       50%         3
 Mephitic Cloud           Conj/Alch/Air  3%         N/A       50%         3
 Ozocubu's Armour         Ice            3%         N/A       50%         3
 Swiftness                Air            3%         N/A       50%         3
 Vampiric Draining        Necr           3%         2d6       50%         3
 Borgnjor's Vile Clutch   Necr/Erth      5%         N/A       83%         5
 Airstrike                Air            1%         2d(1-17)  88%         4
 Cause Fear               Hex            1%         N/A       88%         4
 Ignite Poison            Fire/Alch      3%         N/A       88%         4
 Martyr's Knell           Necr/Summ      3%         N/A       88%         4
 Sticky Flame             Fire/Alch      3%         2d4       88%         4
 Summon Blazeheart Golem  Fire/Summ      3%         N/A       88%         4
 Summon Lightning Spire   Summ/Air       3%         N/A       88%         4
 Alistair's Intoxication  Alch           2%         N/A       99%         5
 Arcjolt                  Conj/Air       1%         1d11      99%         5
 Curse of Agony           Necr           3%         N/A       99%         5
 Fireball                 Conj/Fire      1%         3d3       99%         5
 Freezing Cloud           Conj/Ice/Air   1%         6-21      99%         5
 Sculpt Simulacrum        Ice/Alch       1%         N/A       100%        6
 Ozocubu's Refrigeration  Ice            1%         4d7       100%        7
 Ignition                 Fire           1%         3d3       100%        8
 Maxwell's Capacitive Co  Air            1%         ∞         100%        8
 Dragon's Call            Summ           1%         N/A       100%        9
 Polar Vortex             Ice            1%         N/A       100%        9
 Shatter                  Erth           9%         3d11*     100%        9


Dungeon Overview and Level Annotations

Branches:
Dungeon (15/15)            Temple (1/1) D:7            Lair (5/5) D:9
  Swamp (4/4) Lair:3       Spider (2/4) Lair:3        Slime (0/5) Lair:5
    Orc (2/2) D:12            Elf (0/3) Orc:2        Vaults (0/5) D:13
 Depths (0/4) D:15         Bailey (visited)           IceCv (visited)
Volcano (visited)

Altars:
Ashenzari
Cheibriados
Dithmenos
Fedhas
Gozag
Hepliaklqana
Kikubaaqudgha
Makhleb
Nemelex Xobeh
Okawaru
Qazlal
Ru
Sif Muna
Trog
Uskayaw
Vehumet
Wu Jian
Xom
Yredelemnul
Jiyva

Shops:
D:2 ?=   D:4 [   D:6 ?   D:9 *   D:11 (   D:14 *   Orc:1 [::!   Orc:2 [([(=

Annotations:
Swamp:2 Roxanne


Innate Abilities, Weirdness & Mutations

You have a pair of large antennae on your head. (SInv)
You are surrounded by a mild repulsion field. (EV +2)
You frequently emit foul miasma when damaged in melee.
You are mostly covered in sharp spines.
You have supernaturally acute eyesight. (SInv)
You are very agile. (Dex +8, Str/Int -2)
You possess an exceptional clarity of mind.
Your flesh is heat resistant. (rF+)
You have an increased reservoir of magic. (+10% MP)
You are highly strong-willed. (Will++)
You are somewhat resistant to further mutation.
You are very robust. (+20% HP)
Your muscles are strong. (Str +4, Int/Dex -1)
You occasionally lose the ability to read scrolls when taking damage.
You expend magic power (3 MP) to strengthen your wands.
Your movements are less encumbered by armour. (ER -4)


Message History

Aiming: Thunderbolt
Press: ? - help, Shift-Dir - straight line, f - wolf spider
Aim: a wolf spider (berserk, inner flame)
The thunderbolt hits the wolf spider!
Flame seeps out of the wolf spider.
The wolf spider is lightly wounded.
The wolf spider is engulfed in blazing flames.
Flame seeps out of the wolf spider.
The wolf spider rages.
Aiming: Thunderbolt
Press: ? - help, Shift-Dir - straight line, f/p - wolf spider
Aim: a wolf spider (lightly wounded, berserk, inner flame)
The thunderbolt hits the wolf spider!!
Flame seeps out of the wolf spider.
The wolf spider is heavily wounded.
The wolf spider is engulfed in blazing flames.
Flame seeps out of the wolf spider.
The wolf spider closely misses you.
The wolf spider bites you but does no damage.
Aiming: Thunderbolt
Press: ? - help, Shift-Dir - straight line, f/p - wolf spider
Aim: a wolf spider (severely wounded, berserk, inner flame)
The thunderbolt hits the wolf spider!!!
The wolf spider explodes!
The fiery explosion engulfs you! You resist.
* * * LOW HITPOINT WARNING * * *
The fiery explosion engulfs the jorogumo!!!
The jorogumo is heavily wounded.
The moth of wrath goads the wolf spider on!
The wolf spider goes berserk!
The jorogumo is engulfed in blazing flames.
Aiming: Thunderbolt
Press: ? - help, Shift-Dir - straight line The thunderbolt hits the wolf spider!!!
The wolf spider is heavily wounded.
The thunderbolt hits the moth of wrath!!
The moth of wrath is moderately wounded.
The lightning rod overheats!
The wolf spider is engulfed in blazing flames. x2
The wolf spider is struck by your spines.
The wolf spider hits you!!
You die...
Xom chortles!

## #.# ##
..#
#####.#..#
#.#.#.#.## #
##..#..^....
#.....#.....
#..@§§..#
#...Hs...#
####§§°y...#
#.^.s#....
#.....#...
.#
#.....ss..
..##
.......#.#
#..^
#.....ss
........
....#..


You could see a jorogumo, a demonic crawler (inner flame), 2 wolf spiders, a
moth of wrath, 2 culicivoras and a redback.

Vanquished Creatures
  Mara (Swamp:3)
  Mlioglotl (Swamp:2)
  Rupert (D:13)
  Jorgrun (Swamp:1)
  5 thorn hunters
  Donald (Orc:2)
  A tengu reaver (D:12)
  4 azure jellies
  Kirke (Lair:5)
  An emperor scorpion (Spider:1)
  Louise (Swamp:2)
  A broodmother (Spider:1)
  A very ugly thing (D:9)
  2 quicksilver oozes (IceCv)
  4 eleionomae
  A bunyip (Swamp:4)
  A spark wasp (Spider:1)
  The ghost of rotlqkf the Warrior, a journeyman OnBe of Trog (D:9)
  A shambling mangrove (Swamp:4)
  2 entropy weavers (Spider:1)
  The ghost of roomforsquares the Grappler, a journeyman TrGl (Lair:2)
  4 fire dragons
  The ghost of smazza the Mimic, a journeyman DrSh of Makhleb (Lair:1)
  Erolcha (D:11)
  A vault guard (D:13)
  18 hydras
  A catoblepas (Lair:2)
  7 alligators
  2 ghost crabs
  2 jorogumos
  9 two-headed ogres
  An ogre mage (D:15)
  5 boulder beetles
  A dancing weapon (Lair:1)
  4 centaur warriors
  2 hell hogs
  5 demonic crawlers (Spider:1)
  2 orc high priests
  Amaemon (Lair:1)
  Lodul (D:12)
  4 goliath frogs
  A pharaoh ant (Spider:1)
  A flayed ghost (D:12)
  7 swamp dragons
  A death drake (Swamp:1)
  3 steelbarb worms (Spider:1)
  4 spriggan druids
  3 orb spiders
  8 bog bodies
  2 harpies (shapeshifter)
  3 lindwurms
  2 deep elf pyromancers (D:12)
  4 oklob plants
  21 ugly things
  8 orc knights
  A shining eye (Abyss:1)
  7 cyclopes
  4 wolf spiders
  4 will-o-the-wisps
  6 orc sorcerers
  Maurice (D:9)
  5 manticores
  4 black mambas
  A meliai (Swamp:1)
  2 kobold blastminers
  A moth of wrath (Spider:2)
  2 ice statues (IceCv)
  7 torpor snails
  An orange demon (Lair:1)
  2 gargoyles (D:13)
  Joseph (Lair:1)
  2 kobold demonologists
  13 cane toads
  3 efreet
  9 rime drakes
  2 unseen horrors
  10 komodo dragons
  A troll (shapeshifter) (D:14)
  10 hornets
  14 polar bears
  4 trolls
  12 tyrant leeches
  6 tarantellas
  20 blink frogs
  19 slime creatures
  10 dream sheep
  12 culicivoras
  A centaur simulacrum (D:14)
  14 jumping spiders
  9 wyverns
  2 shadows
  7 spriggans
  4 hogs
  3 wraiths (D:12)
  2 vampires
  54 yaks
  4 steam dragons
  7 basilisks
  A vampire mosquito (D:12)
  8 wargs
  A catoblepas simulacrum (Lair:3)
  27 redbacks
  11 swamp worms
  5 acid dragons
  18 hell hounds
  3 great orb of eyes simulacra (IceCv)
  13 water moccasins
  14 swamp drakes
  2 ice beasts
  35 orc warriors
  3 sky beasts
  15 black bears
  14 ogres
  3 boggarts (D:15)
  21 wolves
  14 centaurs
  A phantom (D:7)
  5 slime creature simulacra (IceCv)
  5 kobold brigands
  9 bullfrogs
  A bullfrog (shapeshifter) (D:12)
  An earth elemental (Swamp:2)
  2 scorpions
  2 glowing shapeshifter simulacra (IceCv)
  5 wights (D:7)
  A blink frog simulacrum (Lair:3)
  A dream sheep simulacrum (Lair:3)
  An elephant simulacrum (Lair:3)
  8 killer bees
  14 howler monkeys
  An electric eel (D:7)
  A quasit (Abyss:1)
  4 hounds
  2 bombardier beetles
  6 jellies
  A gnoll bouda (D:5)
  26 orc priests
  Jessica (D:2)
  An iguana (D:7)
  A sleepcap (D:7)
  40 orc wizards
  2 shapeshifter simulacra (IceCv)
  A polar bear simulacrum (Lair:3)
  A basilisk simulacrum (Lair:3)
  4 adders
  10 gnolls
  A river rat (Lair:5)
  A shadow imp (D:5)
  4 dart slugs
  2 ribbon worms
  78 orcs
  6 endoplasms
  3 giant cockroaches
  9 goblins
  5 hobgoblins
  5 quokkas
  3 training dummies (Orc:2)
  10 ball pythons
  2 bats
  5 frilled lizards
  23 kobolds
  6 rats
1005 creatures vanquished.

Vanquished Creatures (collateral kills)
  An orc high priest (Orc:2)
  An oklob plant (Swamp:3)
  A rime drake (D:6)
  A bloated husk (Swamp:2)
  Prince Ribbit (D:6)
  A slime creature (IceCv)
  A yak (Lair:2)
  A swamp drake (Swamp:3)
  5 wights (D:6)
  A howler monkey (D:6)
  A jelly (D:6)
  An orc priest (Orc:2)
  4 orc wizards
  A shadow imp (D:7)
  6 orcs
  2 kobolds (D:10)
29 creatures vanquished.

Vanquished Creatures (others)
  The ghost of roomforsquares the Brawler, a journeyman TrGl of Okawaru (Lair:3)
  A dancing weapon (Swamp:4)
  A cane toad (Lair:2)
  2 bloated husks (Swamp:2)
  A tyrant leech (Swamp:4)
  A blink frog (Lair:2)
  A slime creature (IceCv)
  A human (Lair:5)
  2 yaks (Lair:2)
  A redback (Spider:1)
  A bullfrog (Lair:2)
  An orc (D:9)
  16 foxfires
30 creatures vanquished.

Grand Total: 1064 creatures vanquished

Notes
Turn   | Place    | Note
-------+----------+-------------------------------------------
     0 | D:1      | sdynet the Demonspawn Chaos Knight began the quest for the
                  | Orb.
     0 | D:1      | Reached XP level 1. HP: 18/18 MP: 1/1
    30 | D:1      | XOM: potion effect (invisibility)
    80 | D:1      | XOM: divination: detect items
   118 | D:1      | Reached skill level 1 in Stealth
   129 | D:1      | Gained mutation: You may rarely emit foul miasma when
                  | damaged in melee. [demonic ancestry]
   129 | D:1      | Reached XP level 2. HP: 24/24 MP: 2/2
   234 | D:1      | XOM: silly message
   309 | D:1      | XOM: silly message
   416 | D:1      | Gained mutation: Your mind is acute. (Int +4, Str/Dex -1)
                  | [potion of mutation]
   464 | D:1      | XOM: 2-stop teleportation journey
   717 | D:2      | Noticed Jessica
   717 | D:2      | XOM: 2-stop teleportation journey
   721 | D:2      | XOM: enchant monster (good)
   723 | D:2      | Killed Jessica
   724 | D:2      | Reached XP level 3. HP: 29/30 MP: 3/3
   852 | D:2      | XOM: silly message
   949 | D:2      | Found Ziusocke's Jewellery Shoppe.
   999 | D:2      | Gained mutation: You have a pair of small antennae on your
                  | head. [demonic ancestry]
   999 | D:2      | Reached XP level 4. HP: 38/38 MP: 4/4
  1054 | D:2      | XOM: give mutations
  1054 | D:2      | Lost mutation: Your mind is acute. (Int +4, Str/Dex -1)
                  | [Xom's mischief]
  1054 | D:2      | Gained mutation: Your muscles are strong. (Str +4, Int/Dex
                  | -1) [Xom's mischief]
  1229 | D:2      | Reached skill level 5 in Fighting
  1382 | D:2      | XOM: summons 3 hostile demons
  1418 | D:2      | Found Aptoune's Magic Scroll Shoppe.
  1516 | D:2      | Bought a scroll of fear for 44 gold pieces
  1516 | D:2      | Bought a scroll of amnesia for 44 gold pieces
  1516 | D:2      | Bought a scroll of identify for 22 gold pieces
  1659 | D:2      | XOM: noise
  1853 | D:3      | Noticed a scorpion
  1862 | D:3      | Killed a scorpion
  1863 | D:3      | Reached skill level 1 in Throwing
  1863 | D:3      | Gained mutation: You are partially covered in sharp spines.
                  | [demonic ancestry]
  1863 | D:3      | Reached XP level 5. HP: 40/44 MP: 5/5
  2189 | D:3      | XOM: 2-stop teleportation journey
  2234 | D:3      | Got the Secrets of the Shivering Anticline
  2494 | D:3      | XOM: give mutations
  2494 | D:3      | Gained mutation: Armour fits poorly on your strangely
                  | shaped body. [Xom's mischief]
  2494 | D:3      | Gained mutation: You occasionally lose the ability to read
                  | scrolls when taking damage. [Xom's mischief]
  2494 | D:3      | Gained mutation: You are frail. (-10% HP) [Xom's mischief]
  2521 | D:4      | Gained mutation: You are mostly covered in sharp spines.
                  | [demonic ancestry]
  2521 | D:4      | Reached XP level 6. HP: 46/46 MP: 6/6
  2645 | D:4      | XOM: polymorph orc -> kobold
  2650 | D:4      | XOM: scenery: create altars
  2668 | D:4      | Reached XP level 7. HP: 36/54 MP: 7/7
  2896 | D:4      | XOM: 1-stop teleportation journey
  3017 | D:4      | XOM: give mutations
  3017 | D:4      | Lost mutation: You are frail. (-10% HP) [Xom's grace]
  3017 | D:4      | Gained mutation: You have a pair of antennae on your head.
                  | [Xom's grace]
  3017 | D:4      | Gained mutation: Your spells are a little harder to cast,
                  | but a little more powerful. [Xom's grace]
  3095 | D:4      | Found Qomiuvam's Antique Armour Boutique.
  3337 | D:4      | XOM: summons 3 hostile demons
  3428 | D:5      | Entered Level 5 of the Dungeon
  3569 | D:4      | XOM: draining
  3651 | D:5      | XOM: chaos upgrade
  3662 | D:5      | XOM: enchant monster (bad)
  3891 | D:5      | XOM: 3-stop teleportation journey
  4004 | D:5      | XOM: 2-stop teleportation journey
  4029 | D:5      | Reached XP level 8. HP: 70/71 MP: 8/8
  4385 | D:5      | Reached skill level 1 in Dodging
  4545 | D:5      | XOM: give mutations
  4545 | D:5      | Gained mutation: Your skin changes colour to match your
                  | surroundings (Stealth+). [Xom's mischief]
  4545 | D:5      | Gained mutation: Your body sometimes deteriorates upon
                  | taking damage. [Xom's mischief]
  4545 | D:5      | Gained mutation: You are clumsy. (Dex -2) [Xom's mischief]
  4545 | D:5      | Gained mutation: You expend magic power (3 MP) to
                  | strengthen your wands. [Xom's mischief]
  4598 | D:5      | Found an opulent altar of Gozag.
  4599 | D:5      | Found a hide-covered altar of Uskayaw.
  4836 | Abyss:1  | Cast into level 1 of the Abyss (unwielding a weapon of
                  | distortion)
  4873 | Abyss:1  | Noticed an Executioner
  4890 | Abyss:1  | Found a corrupted altar of Lugonu.
  4907 | Abyss:1  | Noticed a thrashing horror
  4912 | Abyss:1  | Noticed a shining eye
  4914 | Abyss:1  | Gained mutation: You are frail. (-10% HP) [a shining eye]
  4917 | Abyss:1  | Gained mutation: You have hidden genetic defects. [a
                  | shining eye]
  4918 | Abyss:1  | Gained mutation: You passively map a small area around you.
                  | [a shining eye]
  4923 | Abyss:1  | Killed a shining eye
  4929 | Abyss:1  | Found a corrupted altar of Lugonu.
  4930 | Abyss:1  | Noticed a sixfirhy
  4930 | Abyss:1  | Gained mutation: You are dopey. (Int -2) [hidden defects]
  4938 | Abyss:1  | Learned a level 3 spell: Passwall
  5007 | Abyss:1  | Noticed a rust devil
  5007 | Abyss:1  | XOM: summons 4 friendly demons
  5029 | Abyss:1  | XOM: destruction
  5034 | Abyss:1  | Found a corrupted altar of Lugonu.
  5036 | D:6      | Escaped the Abyss
  5040 | D:6      | XOM: noise
  5079 | D:6      | Reached skill level 1 in Spellcasting
  5079 | D:6      | Reached skill level 1 in Earth Magic
  5151 | D:6      | XOM: summons 4 hostile demons
  5360 | D:6      | Gained mutation: Your body often deteriorates upon taking
                  | damage. [hidden defects]
  5360 | D:6      | Lost mutation: You have hidden genetic defects. [hidden
                  | defects expressed]
  5425 | D:6      | Lost mutation: Armour fits poorly on your strangely shaped
                  | body. [potion of mutation]
  5425 | D:6      | Lost mutation: You have a pair of antennae on your head.
                  | [potion of mutation]
  5425 | D:6      | Lost mutation: You passively map a small area around you.
                  | [potion of mutation]
  5425 | D:6      | Lost mutation: Your spells are a little harder to cast, but
                  | a little more powerful. [potion of mutation]
  5428 | D:6      | an orc wizard changed into a rime drake
  5428 | D:6      | Noticed a rime drake
  5428 | D:6      | XOM: polymorph orc wizard -> rime drake
  5437 | D:6      | Killed a rime drake
  5438 | D:6      | Reached skill level 10 in Fighting
  5438 | D:6      | Reached skill level 3 in Polearms
  5438 | D:6      | Reached XP level 9. HP: 34/70 MP: 10/12
  5583 | D:6      | Noticed Prince Ribbit
  5593 | D:6      | Killed Prince Ribbit
  5626 | D:6      | XOM: 1-stop teleportation journey
  5778 | D:6      | XOM: give mutations
  5778 | D:6      | Gained mutation: You possess an exceptional clarity of
                  | mind. [Xom's mischief]
  5778 | D:6      | Gained mutation: Armour fits poorly on your strangely
                  | shaped body. [Xom's mischief]
  5778 | D:6      | Lost mutation: You are dopey. (Int -2) [Xom's mischief]
  5990 | D:6      | Found Ahulobb's Magic Scroll Boutique.
  5999 | D:6      | Bought a scroll of noise for 14 gold pieces
  6000 | D:6      | Bought a scroll of immolation for 56 gold pieces
  6000 | D:6      | Bought a scroll of teleportation for 42 gold pieces
  6000 | D:6      | Bought a scroll of identify for 28 gold pieces
  6000 | D:6      | Bought a scroll of identify for 28 gold pieces
  6089 | D:7      | XOM: potion effect (might)
  6095 | D:7      | Reached skill level 4 in Polearms
  6142 | D:7      | XOM: summons 9 friendly demons
  6296 | D:7      | Reached skill level 5 in Polearms
  6375 | D:7      | Found a staircase to the Ecumenical Temple.
  6384 | Temple   | Entered the Ecumenical Temple
  6591 | D:7      | Found a burning altar of Makhleb.
  6658 | D:7      | XOM: cloud trail
  6693 | D:8      | XOM: polymorph yak -> swamp drake
  6807 | D:8      | XOM: silly message
  6808 | D:8      | Found a flagged portal.
  6817 | Bailey   | XOM: stealth player
  6817 | Bailey   | Entered a bailey
  6845 | Bailey   | XOM: potion effect (might)
  6846 | Bailey   | XOM: potion effect (haste)
  6847 | Bailey   | Gained mutation: You are surrounded by a mild repulsion
                  | field. (EV +2) [demonic ancestry]
  6847 | Bailey   | Reached XP level 10. HP: 62/78 MP: 10/14
  6967 | Bailey   | XOM: 5-stop teleportation journey
  7202 | Bailey   | XOM: 3-stop teleportation journey
  7246 | Bailey   | XOM: smoke on damage
  7258 | Bailey   | Reached skill level 5 in Earth Magic
  7491 | Bailey   | Noticed an orc knight
  7491 | Bailey   | Noticed an orc knight
  7495 | Bailey   | XOM: summons 2 friendly demons
  7498 | Bailey   | Killed an orc knight
  7499 | Bailey   | Reached skill level 6 in Polearms
  7502 | Bailey   | Killed an orc knight
  7575 | Bailey   | Acquired the amulet "Unechoul" {rC+ Regen+ Slay+2}
  7609 | Bailey   | XOM: give mutations
  7609 | Bailey   | Lost mutation: You are frail. (-10% HP) [Xom's mischief]
  7609 | Bailey   | Lost mutation: Your muscles are strong. (Str +4, Int/Dex
                  | -1) [Xom's mischief]
  7943 | D:8      | XOM: swap monsters
  8134 | D:8      | XOM: silly message
  8147 | D:9      | Reached skill level 7 in Polearms
  8151 | D:9      | Noticed Maurice
  8224 | D:8      | XOM: enchant monster (good)
  8336 | D:9      | XOM: 4-stop teleportation journey
  8340 | D:9      | Found a staircase to the Lair.
  8432 | D:9      | Found a runed translucent gate.
  8432 | D:9      | Found a runed translucent gate.
  8432 | D:9      | Found a runed translucent gate.
  8702 | D:9      | XOM: 1-stop teleportation journey
  8786 | D:9      | XOM: confuse monster(s)
  8791 | D:9      | Found an opulent altar of Gozag.
  8791 | D:9      | Noticed rotlqkf's ghost (journeyman OnBe)
  8809 | D:9      | XOM: divination: detect items
  8813 | D:9      | Reached XP level 11. HP: 62/95 MP: 15/15
  8818 | D:9      | Noticed a red very ugly thing
  8820 | D:9      | Found Ubibofugh's Assorted Antiques.
  8975 | D:9      | Something stole a +2 bardiche
  8976 | D:9      | Something stole 183 gold
  8980 | D:9      | Something stole a serpent talisman
  8981 | D:9      | Killed Maurice
  9152 | D:10     | Entered Level 10 of the Dungeon
  9233 | D:10     | XOM: noise
  9241 | D:10     | XOM: summons 3 friendly demons
  9248 | D:10     | Reached skill level 8 in Polearms
  9457 | D:3      | XOM: summons 6 hostile demons
  9588 | D:10     | XOM: summons 2 friendly demons
  9601 | D:10     | Reached skill level 5 in Armour
  9680 | D:10     | Noticed a two-headed ogre
  9688 | D:10     | Killed a two-headed ogre
  9872 | D:10     | Noticed a two-headed ogre
  9876 | D:10     | XOM: blink monster(s)
  9881 | D:10     | Killed a two-headed ogre
  9927 | D:10     | XOM: confuse monster(s)
 10038 | D:10     | Noticed a soul eater
 10090 | D:10     | XOM: polymorph killer bee -> ogre
 10098 | D:10     | Reached skill level 9 in Polearms
 10228 | D:10     | XOM: enchant monster (good)
 10355 | Lair:1   | Entered Level 1 of the Lair of Beasts
 10482 | D:4      | Bought a pitted cloak for 275 gold pieces
 10482 | D:4      | Identified the +0 cloak of Nitob {rF++ Int-3} (You bought
                  | it in a shop on level 4 of the Dungeon)
 10626 | Lair:1   | XOM: scenery: summon butterflies
 10630 | Lair:1   | XOM: scenery: create altars
 10670 | Lair:1   | Noticed Amaemon
 10676 | Lair:1   | Killed Amaemon
 10677 | Lair:1   | Reached skill level 10 in Polearms
 10687 | Lair:1   | Noticed Joseph
 10691 | Lair:1   | Killed Joseph
 10692 | Lair:1   | Gained mutation: You sometimes emit foul miasma when
                  | damaged in melee. [demonic ancestry]
 10692 | Lair:1   | Reached XP level 12. HP: 33/102 MP: 16/16
 10724 | Lair:1   | XOM: 2-stop teleportation journey
 10791 | Lair:1   | XOM: cloud trail
 11009 | Lair:1   | Found a shimmering altar of Xom.
 11020 | Lair:1   | XOM: butterfly on damage
 11222 | Lair:1   | Found a runed translucent door.
 11222 | Lair:1   | Found a shimmering altar of Xom.
 11222 | Lair:1   | Noticed smazza's ghost (journeyman DrSh)
 11377 | Lair:2   | XOM: stealth player
 11383 | Lair:1   | XOM: give mutations
 11383 | Lair:1   | Gained mutation: You have large cloven feet. [Xom's grace]
 11383 | Lair:1   | Gained mutation: You have hoof-like feet. [Xom's grace]
 11405 | Lair:2   | XOM: polymorph komodo dragon -> wyvern
 11591 | Lair:2   | XOM: polymorph rime drake -> ball python
 11644 | Lair:2   | Found a runed translucent gate.
 11645 | Lair:2   | Found a runed translucent gate.
 11646 | Lair:2   | Found a runed translucent gate.
 11646 | Lair:2   | Noticed roomforsquares's ghost (journeyman TrGl)
 11648 | Lair:2   | Noticed a catoblepas
 11652 | Lair:2   | Noticed a five-headed hydra
 11657 | Lair:2   | Reached skill level 11 in Polearms
 11788 | Lair:2   | XOM: scenery: 1 doors close
 11789 | Lair:2   | XOM: cast spell 'Monstrous Menagerie'
 11801 | Lair:2   | XOM: polymorph torpor snail -> goliath frog
 11814 | Lair:2   | Reached skill level 1 in Evocations
 12168 | Lair:2   | XOM: swap monsters
 12292 | Lair:2   | XOM: give mutations
 12292 | Lair:2   | Lost mutation: Your body often deteriorates upon taking
                  | damage. [Xom's mischief]
 12292 | Lair:2   | Lost mutation: Your body sometimes deteriorates upon taking
                  | damage. [Xom's mischief]
 12292 | Lair:2   | Lost mutation: You are clumsy. (Dex -2) [Xom's mischief]
 12292 | Lair:2   | Gained mutation: You are agile. (Dex +4, Str/Int -1) [Xom's
                  | mischief]
 12441 | Lair:3   | Noticed a four-headed hydra
 12852 | D:11     | XOM: give mutations
 12852 | D:11     | Gained mutation: You are robust. (+10% HP) [Xom's mischief]
 12852 | D:11     | Lost mutation: You have hoof-like feet. [Xom's mischief]
 12852 | D:11     | Lost mutation: Armour fits poorly on your strangely shaped
                  | body. [Xom's mischief]
 12852 | D:11     | Lost mutation: You are robust. (+10% HP) [Xom's mischief]
 12870 | D:11     | XOM: give mutations
 12870 | D:11     | Lost mutation: Your skin changes colour to match your
                  | surroundings (Stealth+). [Xom's mischief]
 12870 | D:11     | Lost mutation: You expend magic power (3 MP) to strengthen
                  | your wands. [Xom's mischief]
 12870 | D:11     | Gained mutation: Your body sometimes deteriorates upon
                  | taking damage. [Xom's mischief]
 12870 | D:11     | Gained mutation: Your muscles are strong. (Str +4, Int/Dex
                  | -1) [Xom's mischief]
 12907 | D:11     | Reached skill level 12 in Polearms
 12949 | D:11     | Noticed Erolcha
 12958 | D:11     | Killed Erolcha
 12983 | D:11     | Noticed a two-headed ogre
 12988 | D:11     | Killed a two-headed ogre
 13001 | D:11     | XOM: 1-stop teleportation journey
 13038 | D:11     | XOM: silly message
 13205 | D:11     | Found Pecvuoch's Antique Weapon Boutique.
 13311 | D:12     | Noticed Lodul
 13441 | D:12     | XOM: summons 5 friendly demons
 13480 | D:12     | Gained mutation: You have a pair of antennae on your head.
                  | [demonic ancestry]
 13480 | D:12     | Reached XP level 13. HP: 88/108 MP: 17/17
 13488 | D:12     | XOM: noise
 13488 | D:12     | Killed Lodul
 13491 | D:12     | Reached skill level 13 in Polearms
 13764 | D:2      | Bought a scroll of acquirement for 572 gold pieces
 13764 | D:2      | Acquired a +5 glaive of flaming
 13954 | Lair:3   | XOM: divination: magic mapping
 13983 | Lair:3   | Found a runed translucent gate.
 13983 | Lair:3   | Found a runed translucent gate.
 13983 | Lair:3   | Found a runed translucent gate.
 14113 | Lair:3   | Found an ancient bone altar of Kikubaaqudgha.
 14150 | Lair:3   | Noticed roomforsquares's ghost (journeyman TrGl)
 14183 | Lair:3   | XOM: summons friendly crimson imp
 14282 | Lair:3   | Found a hole to the Spider Nest.
 14291 | Lair:3   | XOM: smoke on damage
 14486 | Lair:3   | Found a staircase to the Swamp.
 14504 | Lair:3   | Reached skill level 14 in Polearms
 14577 | Lair:4   | XOM: silly message
 14663 | Lair:4   | Found a frozen archway.
 14684 | IceCv    | Entered an ice cave
 14700 | IceCv    | XOM: confuse monster(s)
 14701 | IceCv    | XOM: noise
 14738 | IceCv    | XOM: noise
 14742 | IceCv    | XOM: cast spell 'Summon Hydra'
 14816 | IceCv    | Reached skill level 15 in Polearms
 14862 | IceCv    | Identified the +1 robe "Rahen" {Rampage Fly Str+2}
 14952 | IceCv    | XOM: cast spell 'Disjunction'
 15054 | IceCv    | Noticed a quicksilver ooze
 15057 | IceCv    | Killed a quicksilver ooze
 15065 | IceCv    | Found a viscous altar of Jiyva.
 15065 | IceCv    | Noticed an azure jelly
 15068 | IceCv    | Noticed a quicksilver ooze
 15070 | IceCv    | XOM: potion effect (invisibility)
 15072 | IceCv    | Killed a quicksilver ooze
 15077 | IceCv    | Killed an azure jelly
 15095 | IceCv    | Identified the +2 robe "Buclefol" {rN+ Dex+7}
 15378 | Lair:4   | XOM: fake destruction
 15431 | Lair:4   | XOM: scenery: 1 doors close
 15475 | Lair:4   | Reached skill level 16 in Polearms
 15652 | Lair:4   | Reached XP level 14. HP: 115/115 MP: 18/18
 15785 | Lair:5   | Entered Level 5 of the Lair of Beasts
 15852 | Lair:4   | XOM: give mutations
 15852 | Lair:4   | Gained mutation: You are strong-willed. (Will+) [Xom's
                  | grace]
 15852 | Lair:4   | Lost mutation: You have large cloven feet. [Xom's grace]
 15852 | Lair:4   | Gained mutation: You have sharp toenails. [Xom's grace]
 15852 | Lair:4   | Gained mutation: Your movements are slightly less
                  | encumbered by armour. (ER -2) [Xom's grace]
 15907 | Lair:5   | XOM: 1-stop teleportation journey
 15939 | Lair:5   | Found a runed translucent door.
 15955 | Lair:5   | Found a viscous altar of Jiyva.
 15955 | Lair:5   | Found a staircase to the Slime Pits.
 15955 | Lair:5   | Noticed an azure jelly
 15955 | Lair:5   | Noticed an azure jelly
 15955 | Lair:5   | Noticed an azure jelly
 15977 | Lair:5   | Noticed Kirke
 15987 | Lair:5   | Killed Kirke
 16086 | Lair:5   | XOM: divination: magic mapping
 16188 | Lair:5   | XOM: divination: detect creatures
 16210 | Lair:5   | Reached skill level 17 in Polearms
 16215 | Lair:5   | XOM: give mutations
 16215 | Lair:5   | Gained mutation: You have supernaturally acute eyesight.
                  | (SInv) [Xom's grace]
 16215 | Lair:5   | Gained mutation: Your flesh is heat resistant. (rF+) [Xom's
                  | grace]
 16393 | Lair:5   | XOM: god gift: orcbow {god gift}
 16404 | Lair:5   | XOM: enchant monster (bad)
 16412 | Lair:5   | Paralysed by a hornet for 1 turns
 16415 | Lair:5   | Paralysed by a hornet for 2 turns
 16566 | Lair:5   | XOM: scenery: summon butterflies
 16713 | Lair:5   | XOM: give mutations
 16713 | Lair:5   | Gained mutation: You have hidden genetic potential. [Xom's
                  | grace]
 16713 | Lair:5   | Gained mutation: You are highly strong-willed. (Will++)
                  | [Xom's grace]
 16713 | Lair:5   | Gained mutation: Your system is resistant to poisons.
                  | (rPois) [Xom's grace]
 16817 | Lair:5   | XOM: summons friendly crimson imp
 16819 | Lair:5   | XOM: polymorph crimson imp -> iron imp
 17057 | Lair:5   | XOM: god gift: halberd {god gift}
 17084 | Lair:5   | XOM: polymorph black mamba -> river rat
 17117 | Lair:5   | Got Vonih's Opusculum on the Fault
 17136 | Lair:5   | XOM: cleaving
 17194 | Lair:5   | XOM: give mutations
 17194 | Lair:5   | Gained mutation: Your spells are a little harder to cast,
                  | but a little more powerful. [Xom's grace]
 17194 | Lair:5   | Gained mutation: You are robust. (+10% HP) [Xom's grace]
 17204 | Lair:5   | Identified the +4 ring mail "Fomn" {rF+ rC+}
 17268 | Lair:5   | XOM: enchant monster (bad)
 17330 | Lair:5   | XOM: give mutations
 17330 | Lair:5   | Lost mutation: Your system is resistant to poisons. (rPois)
                  | [Xom's mischief]
 17330 | Lair:5   | Gained mutation: Your movements are less encumbered by
                  | armour. (ER -4) [Xom's mischief]
 17330 | Lair:5   | Lost mutation: You are highly strong-willed. (Will++)
                  | [Xom's mischief]
 17330 | Lair:5   | Lost mutation: Your body sometimes deteriorates upon taking
                  | damage. [Xom's mischief]
 17391 | Lair:5   | Killed an azure jelly
 17392 | Lair:5   | XOM: smoke on damage
 17395 | Lair:5   | Killed an azure jelly
 17397 | Lair:5   | XOM: enchant monster (bad)
 17401 | Lair:5   | Killed an azure jelly
 17511 | Lair:1   | Killed smazza's ghost
 17568 | Lair:2   | XOM: divine lightning
 17583 | Lair:2   | XOM: polymorph komodo dragon -> warg
 17586 | Lair:2   | Reached XP level 15. HP: 57/134 MP: 21/21
 17590 | Lair:2   | Killed roomforsquares's ghost
 17642 | Lair:2   | XOM: 2-stop teleportation journey
 17759 | Lair:3   | Killed roomforsquares's ghost
 17791 | Lair:3   | Identified the ring "Demikes" {Fire +Blink rN+ Dex+2
                  | Stlth-}
 17819 | Lair:3   | XOM: god gift: 52 gold pieces
 17935 | D:9      | Reached skill level 18 in Polearms
 17940 | D:9      | XOM: summons friendly iron imp
 17949 | D:9      | Killed rotlqkf's ghost
 18083 | D:12     | XOM: enchant monster (good)
 18085 | D:12     | XOM: 2-stop teleportation journey
 18141 | D:12     | Noticed a tengu reaver
 18143 | D:12     | Found a snail-covered altar of Cheibriados.
 18143 | D:12     | XOM: 4-stop teleportation journey
 18281 | D:12     | XOM: cloud trail
 18295 | D:12     | Learned a level 2 spell: Blink
 18306 | D:12     | Reached skill level 5 in Spellcasting
 18308 | D:12     | XOM: god gift: 38 gold pieces
 18316 | D:12     | XOM: divination: detect creatures
 18319 | D:12     | Killed a tengu reaver
 18323 | D:12     | Reached skill level 10 in Armour
 18351 | D:12     | XOM: smoke on damage
 18436 | D:12     | XOM: 1-stop teleportation journey
 18451 | D:12     | Identified the +5 great mace "Gulah" {vamp, ^Fragile Str+2
                  | Dex+4}
 18453 | D:12     | Identified the +4 chain mail of Gogram {rC+ SInv}
 18559 | D:12     | Learned a level 2 spell: Lesser Beckoning
 18667 | D:12     | XOM: swap monsters
 18867 | D:12     | Found a staircase to the Orcish Mines.
 19051 | Orc:1    | Entered Level 1 of the Orcish Mines
 19051 | Orc:1    | Found Noady's Distillery.
 19102 | Orc:1    | Reached skill level 1 in Translocations
 19201 | Orc:1    | Found Xiteov's Book Emporium.
 19201 | Orc:1    | Found Bejaani's Book Boutique.
 19204 | Orc:1    | Found Avoghyn's Antique Armour Shop.
 19220 | Orc:1    | Gained mutation: You have an increased reservoir of magic.
                  | (+10% MP) [hidden potential]
 19544 | Orc:2    | Entered Level 2 of the Orcish Mines
 19544 | Orc:2    | Found a dark tunnel.
 19560 | Volcano  | Entered a volcano
 19564 | Volcano  | XOM: torment (69/135 hp)
 19600 | Volcano  | XOM: scenery: summon butterflies
 19807 | Orc:2    | Found a staircase to the Elven Halls.
 19939 | Orc:2    | XOM: fog
 19969 | Orc:2    | Noticed Sonja
 19970 | Orc:2    | Sonja changed into Sonja the hog
 19970 | Orc:2    | Noticed Sonja
 19974 | Orc:2    | Killed Sonja the hog
 19978 | Orc:2    | Found Peponar's Firing Range.
 19988 | Orc:2    | Bought 2 throwing nets for 72 gold pieces
 20008 | Orc:2    | XOM: summons 4 hostile shadow creatures
 20030 | Orc:2    | XOM: cloud trail
 20440 | Orc:2    | XOM: potion effect (brilliance)
 20444 | Orc:2    | Noticed Donald
 20445 | Orc:2    | Paralysed by an orc sorcerer for 3 turns
 20465 | Orc:2    | HP: 5/135 [Donald/+3 eveningstar of venom (33)]
 20466 | Orc:2    | XOM: enchant monster (good)
 20468 | Orc:2    | Killed Donald
 20549 | Orc:2    | Found Huoq's Weapon Shop.
 20549 | Orc:2    | Found Kustrit's Jewellery Shop.
 20552 | Orc:2    | XOM: fog
 20572 | Orc:2    | Found Dyuverch's Armour Boutique.
 20576 | Orc:2    | Found Ugeuwnegg's Antique Armour Boutique.
 20633 | Orc:2    | XOM: draining
 21036 | Orc:1    | Bought an embroidered scarf for 248 gold pieces
 21036 | Orc:1    | Bought a runed cloak for 232 gold pieces
 21492 | D:13     | XOM: potion effect (invisibility)
 21497 | D:13     | XOM: potion effect (might)
 21525 | D:13     | Found a gate to the Vaults.
 21573 | D:13     | XOM: 5-stop teleportation journey
 21600 | D:13     | Noticed Rupert
 21612 | D:13     | XOM: silly message
 21614 | D:13     | Killed Rupert
 21887 | D:13     | XOM: god gift: quarterstaff {god gift}
 22092 | D:14     | XOM: summons friendly ufetubus
 22106 | D:14     | Reached XP level 16. HP: 144/144 MP: 27/27
 22174 | D:14     | Found a blossoming altar of Fedhas.
 22266 | D:14     | Found Ixkiumog's Assorted Antiques.
 22329 | D:14     | XOM: blink monster(s)
 22336 | D:14     | XOM: repel stairs
 22342 | D:14     | XOM: polymorph green ugly thing -> red ugly thing
 22533 | D:14     | XOM: cloud trail
 22766 | D:15     | Entered Level 15 of the Dungeon
 22887 | D:15     | XOM: fog
 23038 | D:15     | XOM: divination: detect items
 23218 | D:15     | XOM: enchant monster (good)
 23226 | D:15     | Reached skill level 5 in Translocations
 23332 | D:15     | Identified the +9 hand axe of Impeachment {flame, rC- rN+
                  | Str+2}
 23426 | D:15     | Found a staircase to the Depths.
 23447 | D:15     | Gained mutation: You expend magic power (3 MP) to
                  | strengthen your wands. [hidden potential]
 23447 | D:15     | Lost mutation: You have hidden genetic potential. [hidden
                  | potential expressed]
 23700 | D:15     | Identified the +4 spear "Rigi" {elec, ^Drain rF+ rC+}
 23965 | Lair:1   | Upgraded the game from 0.31-a0-1576-ga3383ba to
                  | 0.31-a0-1611-g890cdf5
 24143 | Orc:2    | Bought a +3 ring mail of poison resistance for 299 gold
                  | pieces
 24365 | Lair:2   | XOM: silly message
 24395 | Swamp:1  | Entered Level 1 of the Swamp
 24406 | Swamp:1  | XOM: polymorph swamp worm -> meliai
 24499 | Swamp:1  | XOM: give mutation
 24499 | Swamp:1  | Gained mutation: You are highly strong-willed. (Will++)
                  | [Xom's grace]
 24618 | Swamp:1  | Found a sparkling altar of Nemelex Xobeh.
 24907 | Swamp:1  | Noticed Jorgrun
 24917 | Swamp:1  | Killed Jorgrun
 25074 | Swamp:1  | XOM: divination: detect creatures
 25115 | Swamp:2  | Noticed Mlioglotl
 25120 | Swamp:2  | XOM: divination: detect creatures
 25127 | Swamp:2  | Killed Mlioglotl
 25140 | Swamp:2  | XOM: chaos cloud
 25153 | Swamp:2  | Reached skill level 19 in Polearms
 25316 | Swamp:2  | XOM: cleaving
 25318 | Swamp:2  | Noticed Louise
 25318 | Swamp:2  | XOM: 1-stop teleportation journey
 25326 | Swamp:2  | XOM: noise
 25345 | Swamp:2  | Killed Louise
 25522 | Swamp:2  | Noticed Roxanne
 25694 | Swamp:2  | XOM: cloud trail
 25857 | Swamp:3  | XOM: polymorph goliath frog -> lindwurm
 25932 | Swamp:3  | Identified the +4 leather armour of Apathy {rCorr Stlth+}
 26005 | Swamp:3  | Identified the +8 flail of Diewuup {venom, Str+3}
 26005 | Swamp:3  | Noticed Mara
 26024 | Swamp:3  | XOM: give mutations
 26024 | Swamp:3  | Lost mutation: You have sharp toenails. [Xom's mischief]
 26024 | Swamp:3  | Lost mutation: Your flesh is heat resistant. (rF+) [Xom's
                  | mischief]
 26024 | Swamp:3  | Lost mutation: You expend magic power (3 MP) to strengthen
                  | your wands. [Xom's mischief]
 26024 | Swamp:3  | Lost mutation: Your muscles are strong. (Str +4, Int/Dex
                  | -1) [Xom's mischief]
 26168 | Swamp:3  | XOM: summons 9 hostile demons
 26305 | Swamp:3  | Noticed a thorn hunter
 26307 | Swamp:3  | XOM: summons 16 friendly demons
 26308 | Swamp:3  | XOM: summons 2 friendly demons
 26318 | Swamp:3  | Killed a thorn hunter
 26323 | Swamp:3  | XOM: enchant monster (good)
 26347 | Swamp:3  | XOM: cast spell 'Cause Fear'
 26357 | Swamp:3  | XOM: fog
 26362 | Swamp:3  | Noticed sdynet's illusion
 26363 | Swamp:3  | Killed Mara
 26384 | Swamp:3  | Identified the +2 orcbow of Summertime {heavy, Int+3}
 26570 | Swamp:3  | XOM: give mutations
 26570 | Swamp:3  | Gained mutation: You expend magic power (3 MP) to
                  | strengthen your wands. [Xom's grace]
 26570 | Swamp:3  | Gained mutation: You are somewhat resistant to further
                  | mutation. [Xom's grace]
 26570 | Swamp:3  | Gained mutation: You have a pair of large antennae on your
                  | head. (SInv) [Xom's grace]
 26570 | Swamp:3  | Gained mutation: You are very agile. (Dex +8, Str/Int -2)
                  | [Xom's grace]
 26629 | Swamp:4  | Entered Level 4 of the Swamp
 26682 | Swamp:4  | Gained mutation: You frequently emit foul miasma when
                  | damaged in melee. [demonic ancestry]
 26682 | Swamp:4  | Reached XP level 17. HP: 45/154 MP: 28/28
 26717 | Swamp:4  | Reached skill level 15 in Fighting
 26794 | Swamp:4  | XOM: fog
 27023 | Swamp:4  | XOM: scenery: summon butterflies
 27039 | Swamp:4  | XOM: cleaving
 27040 | Swamp:4  | XOM: enchant monster (good)
 27426 | Swamp:4  | Got a decaying rune of Zot
 27481 | Swamp:4  | XOM: potion effect (attraction)
 27561 | Swamp:4  | XOM: smoke on damage
 27695 | Spider:1 | Entered Level 1 of the Spider Nest
 27745 | Spider:1 | XOM: noise
 27759 | Spider:1 | HP: 6/156 [demonic crawler (9)]
 27761 | Spider:1 | HP: 2/156 [demonic crawler (2)]
 27765 | Spider:1 | XOM: noise
 27878 | Spider:1 | XOM: potion effect (berserk rage)
 27891 | Spider:1 | XOM: silly message
 27924 | Spider:1 | XOM: cloud trail
 27965 | Spider:1 | XOM: confuse monster(s)
 27984 | Spider:1 | XOM: noise
 27999 | Spider:1 | XOM: summons friendly shadow imp
 28142 | Spider:1 | Identified the amulet "Zeytz" {Faith Rampage Dex+2 SInv}
                  | (Xom gifted it to you on level 1 of the Spider Nest)
 28142 | Spider:1 | XOM: god gift: amulet "Zeytz" {Faith Rampage Dex+2 SInv}
 28180 | Spider:1 | XOM: god gift: scroll of vulnerability
 28231 | Spider:1 | XOM: fog
 28287 | Spider:1 | XOM: 1-stop teleportation journey
 28292 | Spider:1 | XOM: 3-stop teleportation journey
 28397 | Spider:1 | XOM: 7-stop teleportation journey
 28460 | Spider:1 | XOM: god gift: scroll of teleportation
 28479 | Spider:1 | XOM: enchant monster (good)
 28535 | Spider:1 | XOM: potion effect (heal wounds)
 28538 | Spider:1 | XOM: confuse monster(s)
 28539 | Spider:1 | XOM: god gift: 4 stones
 28546 | Spider:1 | XOM: give mutation
 28546 | Spider:1 | Gained mutation: Your flesh is heat resistant. (rF+) [Xom's
                  | grace]
 28563 | Spider:1 | XOM: cast spell 'Cause Fear'
 28753 | Spider:1 | XOM: give mutation
 28753 | Spider:1 | Lost mutation: Your spells are a little harder to cast, but
                  | a little more powerful. [Xom's mischief]
 28802 | Spider:1 | XOM: give mutations
 28802 | Spider:1 | Gained mutation: You are very robust. (+20% HP) [Xom's
                  | grace]
 28802 | Spider:1 | Gained mutation: Your muscles are strong. (Str +4, Int/Dex
                  | -1) [Xom's grace]
 28821 | Spider:1 | XOM: 4-stop teleportation journey
 29339 | Spider:2 | Reached skill level 20 in Polearms
 29421 | Spider:2 | XOM: enchant monster (good)
 29509 | Spider:2 | XOM: blink monster(s)
 29512 | Spider:2 | XOM: smoke on damage
 29526 | Spider:2 | Slain by a wolf spider

Illustrated notes

Levels and vault maps discovered:
D:1:      lightli_arrival_chessboard, layout_rooms,
          chequers_serial_rivers_large_a, serial_park_tiny_1,
          nicolae_houndstooth_variations
D:2:      layout_basic, serial_glass, glass_columns_a, glass_columns_b,
          feat_on_display, due_unseen_surprise, basic_altar, serial_shops, shop,
          nicolae_diamond_shop, uniq_jessica
D:3:      layout_basic, st_stairs_3
D:4:      layout_basic, serial_shops, nicolae_shop_window_shopping
D:5:      wad_lake_hut, layout_basic, nicolae_overflow_hidden_temple,
          serial_bayou, serial_bayou_crossing, serial_bayou_shore_a,
          serial_bayou_lagoon_a, serial_bayou_lagoon_b, serial_bayou_pond_c
D:6:      layout_loops_ring, serial_shops, nicolae_lakefront_shop,
          uniq_prince_ribbit1
D:7:      layout_cave_pools, mainiacjoe_overflow_catwalk,
          minmay_temple_entry_trees, serial_bayou_ford_a
D:8:      layout_rooms, enter_bailey_2, minmay_misc_feat_iff, minmay_holes,
          columned_hall_lemuel
D:9:      layout_long_grid, dpeg_oklobed_lair, ebering_ghost_gozag, uniq_maurice
D:10:     layout_irregular_city, nicolae_concentric_dashed_squares_mild,
          minivault_19
D:11:     layout_loops_ring, serial_shops, shop, uniq_erolcha
D:12:     minmay_the_grid_four_pointed_star
          [minmay_the_grid_triangle_9x9_zippers_vertical,
          minmay_the_grid_triangle_9x9_alien,
          minmay_the_grid_triangle_9x9_flanged_cone,
          minmay_the_grid_triangle_9x9_sprig,
          minmay_the_grid_prize_diamond_cup], layout_basic, david_orc_4,
          slow_altar_1, uniq_lodul
D:13:     layout_loops_ring, david_vaults_5, uniq_rupert
D:14:     layout_gridville, serial_shops, shop, fedhas_altar_3,
          minmay_misc_feat_pillars
D:15:     grunt_enter_depths_hoard, layout_irregular_city, evilmike_butchery
Temple:   regret_index_temple_mists
Lair:1:   layout_concentric_octagons, ebering_ghost_xom,
          nicolae_quartered_pool_impasse, lemuel_oklob_altar, lemuel_fruit_tree,
          uniq_joseph, uniq_amaemon
Lair:2:   layout_regular_city, gammafunk_ghost_split, st_stairs_4,
          eino_small_chamber_without_monster, grunt_megastairs_2,
          serial_bayou_shore_b, infiniplex_staircase_pool_2
Lair:3:   layout_roguey, mainiacjoe_swamp_entry_lozenge_pond,
          spider_nest_entry_funnel_web, basic_altar, gammafunk_ghost_icy
Lair:4:   layout_roguey, portal_ice_cave_rime, lookout_lair_type
Lair:5:   hangedman_lair_caniforms_friends, layout_cave_pods, wormcave,
          slime_entry_2, st_stairs_7, uniq_kirke
Swamp:1:  layout_basic_swamp, lemuel_altar_in_water,
          nicolae_swamp_round_clearing, nicolae_swamp_triple_paths,
          nicolae_swamp_tree_isthmus, uniq_jorgrun
Swamp:2:  layout_basic_swamp, evilmike_swamp_ruin_house_5, swamp_pool_1_2,
          nzn_swamp_blast_mining, uniq_louise, uniq_mlioglotl, uniq_roxanne
Swamp:3:  dpeg_oklob_gauntlet, layout_basic_swamp, nicolae_swamp_little_tower,
          uniq_mara
Swamp:4:  swamp_basic_johnstein, layout_basic_swamp
Spider:1: layout_spider_delve, nicolae_spider_claw_tunnel
Spider:2: layout_spider_delve, nicolae_spider_scorpion_nest
Orc:1:    layout_caves, serial_shops, shop, guppyfry_orc_lava_fort
Orc:2:    st_orc_mages, layout_diamond_mine, nicolae_volcano_entry_lava_flow,
          nicolae_shop_firing_range, uniq_donald, uniq_sonja

Skill      XL: |  1  2  3  4  5  6  7  8  9 10 11 12 13 14 15 16 17 |
---------------+----------------------------------------------------+-----
Stealth        | 1 2 7 |  7.5
Fighting       | 4 5 6 7 9 10 11 12 13 14 16 | 16.1
Throwing       | 1 |  1.0
Dodging        | 1 3 |  3.0
Armour         | 2 4 7 9 10 12 13 | 13.5
Spellcasting   | 2 3 4 6 |  6.0
Earth Magic    | 2 4 5 6 |  6.0
Polearms       | 3 5 7 10 12 16 17 18 19 20 | 20.0
Evocations     | 1 |  1.0
Translocations | 4 6 |  6.0

Action                     |  1- 3 |  4- 6 |  7- 9 | 10-12 | 13-15 | 16-18 || total
---------------------------+-------+-------+-------+-------+-------+-------++-------
  Melee: Spear             |   111 |    82 |   105 |    46 |       |       ||   344
         Dagger            |     2 |       |       |       |       |       ||     2
         Punch             |     2 |     1 |     1 |       |       |       ||     4
         Whip              |       |    56 |    66 |       |       |       ||   122
         Bardiche          |       |       |       |    70 |    25 |   436 ||   531
         Halberd           |       |       |       |   349 |    32 |       ||   381
         Glaive            |       |       |       |       |  1059 |   291 ||  1350
  Throw: Dart              |       |     4 |    18 |    20 |     7 |       ||    49
         Javelin           |       |       |     1 |       |       |       ||     1
         Throwing net      |       |       |       |     1 |     4 |     5 ||    10
   Cast: Passwall          |       |       |       |     2 |     1 |       ||     3
         Lesser Beckoning  |       |       |       |       |     1 |     5 ||     6
  Evoke: Wand              |       |       |     1 |     7 |     1 |     8 ||    17
         Lightning rod     |       |       |       |       |     7 |     4 ||    11
         Condenser vane    |       |       |       |       |     2 |     3 ||     5
         Phantom mirror    |       |       |       |       |     2 |     1 ||     3
         Phial of floods   |       |       |       |       |     1 |     1 ||     2
    Use: Scroll            |     5 |     1 |    14 |    10 |     9 |    11 ||    50
         Potion            |     3 |       |     6 |     6 |    11 |    14 ||    40
   Stab: Invisible         |     4 |       |     1 |       |    18 |     1 ||    24
         Sleeping          |       |     4 |     9 |    22 |    18 |    20 ||    73
         Paralysed         |       |     1 |       |       |     1 |       ||     2
         Confused          |       |       |       |     5 |     7 |     5 ||    17
         Petrifying        |       |       |       |     1 |       |     2 ||     3
         Fleeing           |       |       |       |     1 |       |       ||     1
         Distracted        |       |       |       |     4 |     5 |    12 ||    21
         Petrified         |       |       |       |       |       |     2 ||     2
         Held in net/web   |       |       |       |       |       |     1 ||     1
 Armour: Leather armour    |    47 |    50 |       |       |       |       ||    97
         Robe              |       |     3 |    84 |       |       |       ||    87
         Ring mail         |       |       |    16 |   324 |   518 |   275 ||  1133
         Chain mail        |       |       |       |       |    64 |   121 ||   185
         Swamp dragon scal |       |       |       |       |       |   236 ||   236
  Dodge: Dodged            |    53 |    65 |    90 |   230 |   550 |   496 ||  1484

Table legend: (Time is in decaauts)
 A = Elapsed time spent in this place.
 B = Non-inter-level travel time spent in this place.
 C = Inter-level travel time spent in this place.
 D = Time resting spent in this place.
 E = Time spent auto-exploring this place.
 F = Levels seen in this place.
 G = Mean time per level.
                   A        B        C        D        E       F      G
               +--------+--------+--------+--------+--------+-----+--------+
         Total |  29660 |  25545 |   4115 |    833 |  16621 |  33 |  898.8 |
       Dungeon |  15516 |  12736 |   2780 |    127 |   9110 |  15 | 1034.4 |
        Temple |      1 |      1 |      0 |      0 |      0 |   1 |    1.0 |
          Lair |   5498 |   4800 |    698 |     44 |   3051 |   5 | 1099.6 |
         Swamp |   3137 |   2888 |    249 |     91 |   1778 |   4 |  784.2 |
   Spider Nest |   1840 |   1797 |     43 |    237 |   1066 |   2 |  920.0 |
  Orcish Mines |   1951 |   1607 |    344 |     16 |   1035 |   2 |  975.5 |
         Abyss |    198 |    198 |      0 |      0 |     74 |   1 |  198.0 |
        Bailey |    834 |    834 |      0 |    251 |    342 |   1 |  834.0 |
      Ice Cave |    490 |    490 |      0 |     14 |    164 |   1 |  490.0 |
       Volcano |    192 |    192 |      0 |     53 |      0 |   1 |  192.0 |
               +--------+--------+--------+--------+--------+-----+--------+

Top non-repeatable levels by time:
Spider:1: 1685 daAuts
  Lair:5: 1527 daAuts
    D:12: 1446 daAuts
     D:9: 1302 daAuts
     D:4: 1282 daAuts
   Orc:2: 1274 daAuts
     D:5: 1271 daAuts
  Lair:2: 1139 daAuts
    D:10: 1138 daAuts
  Lair:1: 1131 daAuts
     D:6: 1123 daAuts
     D:2: 1111 daAuts
 Swamp:3: 1066 daAuts
    D:15: 1019 daAuts
    D:11: 911 daAuts
